 Dungeon Crawl Stone Soup version 0.19-a0-1626-g5215c36 (webtiles) character file.

496 sveltemanboy the Slasher (level 6, -3/44 HPs)
             Began as a Demonspawn Gladiator on Sept 18, 2016.
             Slain by an ogre
             ... wielding a +0 giant club
              (18 damage)
             ... on level 4 of the Dungeon.
             The game lasted 00:06:38 (3212 turns).

sveltemanboy the Slasher (Demonspawn Gladiator)     Turns: 3212, Time: 00:06:39

Health: -3/44      AC: 11    Str: 17    XL:     6   Next: 93%
Magic:  6/6        EV: 13    Int: 10    God:
Gold:   213        SH:  0    Dex: 13    Spells: 0 memorised, 5 levels left

rFire  . . .     SeeInvis .     a - +0 long sword
rCold  . . .     Gourm    .     o - +0 ring mail
rNeg   . . .     Faith    .     (no shield)
rPois  .         Spirit   .     c - +0 helmet
rElec  .         Dismiss  .     (no cloak)
rCorr  .         Reflect  .     e - +0 pair of gloves
MR     .....     Harm     .     (no boots)
Stlth  +.........               (no amulet)
                                (no ring)
                                k - +1 ring of evasion

@: no status effects
A: iridescent scales 2
a: no special abilities


You were on level 4 of the Dungeon.
You were hungry.

You visited 1 branch of the dungeon, and saw 4 of its levels.

You collected 213 gold pieces.

Inventory:

Hand Weapons
 a - a +0 long sword (weapon)
Missiles
 d - a throwing net
 l - 4 tomahawks
 u - 6 tomahawks of returning (quivered)
Armour
 c - a +0 helmet (worn)
 e - a +0 pair of gloves (worn)
 o - a +0 ring mail (worn)
Jewellery
 k - a +1 ring of evasion (left hand)
Wands
 s - a wand of iceblast (3/15)
Scrolls
 g - 3 scrolls of identify {unknown}
 h - a scroll of fear {unknown}
 i - a scroll of enchant weapon {unknown}
 j - a scroll of enchant armour {unknown}
 q - 2 scrolls of immolation {unknown}
 r - 2 scrolls of remove curse {unknown}
 y - 2 scrolls of teleportation {unknown}
Potions
 n - a potion of berserk rage
 p - a potion of might {unknown}
 v - a potion of brilliance {unknown}
 x - a potion of ambrosia {unknown}
 z - a potion of heal wounds {unknown}
Comestibles
 b - 3 meat rations
 f - 3 bread rations
 m - 2 slices of pizza
 t - 2 beef jerkies
 w - a royal jelly


   Skills:
 - Level 2.0 Fighting
 * Level 5.5 Long Blades
 - Level 1.7 Throwing
 + Level 3.1 Armour
 - Level 4.0 Dodging
 + Level 0.2 Evocations


You had 5 spell levels left.
You didn't know any spells.

Dungeon Overview and Level Annotations

Branches:
Dungeon (4/15)
 Temple: D:4-7

Altars:


Innate Abilities, Weirdness & Mutations

You are mostly covered in iridescent scales. (AC +4)


Message History

Press: ? - help, Shift-Dir - straight line, f - ogre
Aim: an ogre, wielding a giant club You throw a tomahawk of returning.
The tomahawk of returning hits the ogre.
The ogre is lightly wounded.
The tomahawk of returning returns to your pack!
You are feeling hungry.
You slash the ogre!
The ogre is heavily wounded.
The ogre misses you.
You riposte.
You hit the ogre.
The ogre is heavily wounded.
You slash the ogre!
The ogre is almost dead.
The ogre hits you with a giant club!
You barely miss the ogre.
The ogre is almost dead.
You feel sick.
You are no longer poisoned.
The ogre hits you with a giant club!!
You die...

#############.## #.....#...
######.........#########.....####
.....................>.......#
######.........######.######.# #
#.........## #.# #.# #
#..........# ##.## #.# #
#........#>## #...# #.#
#........#..# #).)# #.#
#........##@# #...# #.#
#........##O###...# #<#
#........##..##)).# ###
############.##)..#
.............)...#
...[.............#
.................#
.........O.......#
.................#


You could see an ogre.

Vanquished Creatures
  A hippogriff (D:3)
  An ogre (D:4)
  A hound (D:4)
  An orc wizard (D:4)
  2 worker ants
  A hound skeleton (D:4)
  4 adders (D:3)
  2 worms (D:2)
  2 leopard geckos
  4 orcs
  2 giant cockroaches
  8 goblins
  7 hobgoblins
  3 quokkas
  A ball python (D:2)
  4 bats
  14 frilled lizards
  3 kobolds
  3 rats
64 creatures vanquished.

Notes
Turn   | Place    | Note
-------+----------+-------------------------------------------
     0 | D:1      | sveltemanboy the Demonspawn Gladiator began the quest for the Orb.
     0 | D:1      | Reached XP level 1. HP: 16/16 MP: 1/1
   169 | D:1      | Gained mutation: You are partially covered in iridescent scales. (AC +2) [demonic ancestry]
   169 | D:1      | Reached XP level 2. HP: 13/22 MP: 2/2
   398 | D:1      | Reached skill level 3 in Long Blades
   636 | D:2      | Found a faded altar of an unknown god.
   884 | D:2      | Reached skill level 1 in Armour
  1247 | D:2      | Reached XP level 3. HP: 22/27 MP: 3/3
  1679 | D:3      | Reached XP level 4. HP: 22/33 MP: 4/4
  1876 | D:3      | Reached skill level 4 in Long Blades
  1953 | D:3      | Noticed a hippogriff
  1968 | D:3      | Killed a hippogriff
  1968 | D:3      | Gained mutation: You are mostly covered in iridescent scales. (AC +4) [demonic ancestry]
  1968 | D:3      | Reached XP level 5. HP: 14/38 MP: 5/5
  1968 | D:3      | Reached XP level 6. HP: 17/44 MP: 6/6
  2303 | D:3      | Reached skill level 5 in Long Blades
  3212 | D:4      | Slain by an ogre

Vault maps used:
D:1:      minmay_arrival_four_circles, minmay_pentomino_v2
D:2:      ecumenical_altar_1, minivault_19
D:3:      first_bread, minmay_lizard_king

Skill      XL: |  1  2  3  4  5  6 |
---------------+-------------------+-----
Long Blades    | 3 4 5 |  5.5
Armour         | 1 2 3 |  3.1
Dodging        | 3 4 |  4.0
Fighting       | |  2.0
Throwing       | |  1.7
Evocations     | |  0.2

Action                   |  1- 3 |  4- 6 || total
-------------------------+-------+-------++-------
Melee: Long sword        |   160 |   138 ||   298
Throw: Throwing net      |     2 |     2 ||     4
       Tomahawk          |     6 |    19 ||    25
  Use: Potion            |       |     3 ||     3
  Eat: Chunk             |     3 |     5 ||     8
Armor: Leather armour    |    30 |       ||    30
       Ring mail         |    18 |    61 ||    79
Dodge: Dodged            |    77 |    62 ||   139
